 Dungeon Crawl Stone Soup version 0.20.0 (webtiles) character file.

1024 atomicknyte the Cleaver (level 8, 0/112 HPs)
             Began as a Hill Orc Monk on June 4, 2017.
             Was a Believer of Okawaru.
             Succumbed to a hornet's poison
             ... on level 5 of the Dungeon.
             The game lasted 00:26:03 (5192 turns).

atomicknyte the Cleaver (Hill Orc Monk)             Turns: 5192, Time: 00:26:03

Health: 0/112      AC: 24    Str: 15    XL:     8   Next: 22%
Magic:  8/8        EV:  2    Int: 10    God:    Okawaru [**....]
Gold:   305        SH:  0    Dex: 14    Spells: 7/7 levels left

rFire    . . .     SeeInvis .   a - +0 hand axe
rCold    + . .     Gourm    .   (no shield)
rNeg     + + +     Faith    .   (armour currently unavailable)
rPois    +         Spirit   .   (helmet currently unavailable)
rElec    .         Reflect  .   (cloak currently unavailable)
rCorr    .         Harm     .   (gloves currently unavailable)
MR       .....     NoTele   +   (boots currently unavailable)
Stlth    ++........             (no amulet)
Regen    0.3/turn               o - ring of protection from cold
MPRegen  0.2/turn               (no ring)

@: lethally poisoned (0 -> -11), tree-form, slowed, very slow
A: no striking features
a: Heroism, Renounce Religion


You were on level 5 of the Dungeon.
You worshipped Okawaru.
Okawaru was pleased with you.
You were not hungry.
You were a tree.
You visited 1 branch of the dungeon, and saw 5 of its levels.

You collected 305 gold pieces.

Inventory:

Hand Weapons
 a - a +0 hand axe (weapon)
 k - a +1 short sword of venom
 B - a +0 short sword of flaming
Missiles
 e - 201 stones (quivered)
 i - 29 sling bullets
Armour
 b - a +0 cloak
 g - a +0 ring mail of cold resistance
 j - a +0 leather armour of cold resistance
 s - a cursed +0 pair of boots (melded)
 t - a +0 helmet (melded)
 A - a scarf of repulsion (melded)
 G - a +0 plate armour (melded)
Jewellery
 o - a ring of protection from cold (left branch)
 x - an uncursed amulet of rage {unknown}
Scrolls
 d - 4 scrolls of recharging
 l - a scroll of teleportation {unknown}
 n - 3 scrolls of fog
 C - a scroll of random uselessness {unknown}
 D - 2 scrolls of enchant armour {unknown}
 E - 5 scrolls of magic mapping
 F - a scroll of amnesia {unknown}
Potions
 h - a potion of magic {unknown}
 m - 2 potions of brilliance
 q - a potion of degeneration {unknown}
 u - a potion of curing {unknown}
 v - 2 potions of mutation
 w - a potion of cancellation {unknown}
Comestibles
 c - 4 bread rations
 f - 7 chunks of flesh
 p - 2 meat rations
 r - a royal jelly


   Skills:
 + Level 8.7 Fighting
 + Level 9.5 Axes
 - Level 2.4 Dodging
 - Level 1.5 Stealth


You had 7 spell levels left.
You didn't know any spells.

Dungeon Overview and Level Annotations

Branches:
Dungeon (5/15)
 Temple: D:4-7

Altars:
Hepliaklqana
Okawaru
Qazlal
Uskayaw
Vehumet


Message History

The hornet stings you but does no damage. x3
You closely miss the hornet.
The hornet is almost dead.
* * * LOW HITPOINT WARNING * * *
You feel very sick.
The hornet stings you but does no damage.
You hit the hornet.
The hornet is almost dead.
* * * LOW HITPOINT WARNING * * *
You feel sick. The hornet stings you.
* * * LOW HITPOINT WARNING * * *
The hornet barely misses you.
You hit the hornet but do no damage.
The hornet is almost dead.
* * * LOW HITPOINT WARNING * * *
You feel sick. The hornet barely misses you.
The hornet stings you but does no damage.
You miss the hornet.
The hornet is almost dead.
You die...

..# #...# ###
#...#######
#.........#
######...#####.#
.#........#
...........#
..#........#
######...#####.
#.♣..$....
#.y.####.# #...#
#...# ...#.
##.## .... a.###
.#.# #... . ...
#..#### ... ..
......


You could see a hornet and a worker ant (wandering).

Vanquished Creatures
  Grinder (D:3)
  Sigmund (D:2)
  An ogre (D:4)
  A big kobold (D:4)
  A vampire bat (D:3)
  A howler monkey (D:4)
  A hound (D:4)
  3 orc wizards (D:5)
  An orc priest (D:3)
  Crazy Yiuf (D:3)
  An iguana (D:4)
  Terence (D:2)
  A worker ant (D:4)
  Robin (D:2)
  5 adders
  2 oozes
  A worm (D:2)
  2 dart slugs
  A leopard gecko (D:2)
  15 orcs
  3 giant cockroaches
  13 goblins
  15 hobgoblins
  3 jackals (D:2)
  9 kobolds
  2 quokkas
  11 bats
  4 frilled lizards
  12 rats
114 creatures vanquished.

Vanquished Creatures (others)
  2 orcs (D:4)
  A plant (D:4)
3 creatures vanquished.

Grand Total: 117 creatures vanquished

Notes
Turn   | Place    | Note
-------+----------+-------------------------------------------
     0 | D:1      | atomicknyte the Hill Orc Monk began the quest for the Orb.
     0 | D:1      | Reached XP level 1. HP: 19/19 MP: 1/1
   401 | D:1      | Reached XP level 2. HP: 27/27 MP: 2/2
   873 | D:2      | Noticed Sigmund
   953 | D:2      | Reached XP level 3. HP: 22/33 MP: 3/3
  1001 | D:2      | Noticed Robin
  1001 | D:2      | Reached skill level 5 in Axes
  1436 | D:2      | Noticed Terence
  1473 | D:2      | Killed Terence
  1473 | D:2      | Reached XP level 4. HP: 40/41 MP: 4/4
  1604 | D:2      | Reached skill level 5 in Fighting
  1611 | D:2      | Killed Robin
  1911 | D:2      | Killed Sigmund
  1911 | D:2      | Reached skill level 6 in Axes
  1911 | D:2      | Reached XP level 5. HP: 48/50 MP: 5/5
  1911 | D:2      | Reached XP level 6. HP: 54/57 MP: 6/6
  2287 | D:3      | Noticed Grinder
  2362 | D:3      | Reached skill level 7 in Axes
  2750 | D:3      | Paralysed by Grinder for 3 turns
  3199 | D:3      | Found a runed door.
  3204 | D:3      | Noticed Crazy Yiuf
  3226 | D:3      | Killed Crazy Yiuf
  3226 | D:3      | Reached XP level 7. HP: 29/66 MP: 4/7
  3418 | D:3      | Found an iron altar of Okawaru.
  3438 | D:3      | Became a worshipper of Warmaster Okawaru
  3438 | D:3      | Reached * piety under Okawaru
  3438 | D:3      | Reached ** piety under Okawaru
  3503 | D:3      | Found a stormy altar of Qazlal.
  3617 | D:3      | Found a hide-covered altar of Uskayaw.
  3675 | D:3      | Paralysed by Grinder for 6 turns
  3687 | D:3      | Killed Grinder
  3687 | D:3      | Reached skill level 8 in Axes
  3959 | D:4      | Found a radiant altar of Vehumet.
  3985 | D:5      | Entered Level 5 of the Dungeon
  4433 | D:4      | Reached skill level 9 in Axes
  4433 | D:4      | Reached XP level 8. HP: 75/75 MP: 8/8
  4497 | D:4      | Found a hazy altar of Hepliaklqana.
  5170 | D:5      | Noticed a hornet
  5190 | D:5      | HP: 2/112 [hornet (4)]
  5192 | D:5      | Succumbed to a hornet's poison

Skill      XL: |  1  2  3  4  5  6  7 |
---------------+----------------------+-----
Fighting       | 4 6 7 8 |  8.7
Axes           | 5 6 7 9 |  9.5
Dodging        | |  2.4
Stealth        | |  1.5

Action                   |  1- 3 |  4- 6 |  7- 9 || total
-------------------------+-------+-------+-------++-------
Melee: Hand axe          |    25 |    62 |   206 ||   293
       Short sword       |    68 |   110 |       ||   178
       Punch             |       |       |     1 ||     1
Throw: Stone             |     5 |    22 |     5 ||    32
Invok: Heroism           |       |       |     5 ||     5
  Use: Potion            |     1 |     2 |     1 ||     4
       Scroll            |       |       |     5 ||     5
  Eat: Chunk             |     2 |     4 |     4 ||    10
       Bread ration      |       |       |     1 ||     1
Armor: Ring mail         |    21 |    74 |       ||    95
       Plate armour      |       |    31 |   128 ||   159
       Skin              |       |       |     5 ||     5
Dodge: Dodged            |    60 |   108 |    46 ||   214
